 Dungeon Crawl Stone Soup version 0.28-a0-401-ge240ad9e29 (webtiles) character file.

Game seed: 11791418478248736665

0 Sabo the Ducker (level 1, 16/16 HPs)
             Began as a Demonspawn Gladiator on Sept 4, 2021.
             Was a Follower of Sif Muna.
             Got out of the dungeon alive.
             The game lasted 00:00:53 (129 turns).

Sabo the Ducker (Demonspawn Gladiator)               Turns: 129, Time: 00:00:53

Health: 16/16      AC:  4    Str: 14    XL:     1   Next: 8%
Magic:  1/1        EV: 12    Int:  9    God:    Sif Muna [*.....]
Gold:   0          SH:  0    Dex: 14    Spells: 0/0 levels left

rFire   . . .      SeeInvis .   a - +0 war axe
rCold   . . .      Faith    .   (no shield)
rNeg    . . .      Spirit   .   b - +0 leather armour
rPois   .          Reflect  .   c - +0 helmet
rElec   .          Harm     .   (no cloak)
rCorr   .          Rampage  .   (no gloves)
Will    .....                   (no boots)
Stlth   +.........              (no amulet)
HPRegen 0.05/turn               (no ring)
MPRegen 0.07/turn               (no ring)

@: no status effects
A: no striking features
a: Renounce Religion, Channel Magic


You escaped.
You worshipped Sif Muna.
Sif Muna was aware of your devotion.
You visited 1 branch of the dungeon, and saw 1 of its levels.

Inventory:

Hand Weapons
 a - a +0 war axe (weapon)
Missiles
 d - 3 throwing nets (quivered)
Armour
 b - a +0 leather armour (worn)
 c - a +0 helmet (worn)


   Skills:
 + Level 2.0 Fighting
 + Level 2.7 Axes
 + Level 1.7 Throwing
 + Level 2.7 Dodging


You couldn't memorise any spells.
You didn't know any spells.
Your spell library was empty.

Dungeon Overview and Level Annotations

Branches:
Dungeon (1/15)

Altars:
Sif Muna

Shops:
D:1 *


Message History

Found an escape hatch in the floor.
You open the door.
There is an open door here.
You open the door.
There is an open door here.
Found Xaugh's General Store.
Found a stone staircase leading down.
You open the door.
There is an open door here.
As you open the door, it creaks loudly!
A frilled lizard comes into view.
Found a faded altar of an unknown god.
There is an open door here.
You hit the frilled lizard.
You kill the frilled lizard!
There is a faded altar of an unknown god here.
You cannot tell which god this altar belongs to.
Convert to them anyway?
Sif Muna accepts your prayer! Sif Muna welcomes you!
You can now call upon Sif Muna for magical energy.
There is an open door here.
You hit the demonic plant.
The demonic plant begins to die.
The demonic plant is lightly damaged.
You completely miss the demonic plant. You hit the demonic plant.
The demonic plant is lightly damaged.
You hit the demonic plant.
The demonic plant begins to die.
You slash the demonic plant!
The demonic plant is lightly damaged.
You slash the demonic plant! You slash the demonic plant!
The demonic plant is lightly damaged.
You hit the demonic plant.
A nearby demonic plant withers and dies. x2
There is an open door here.
There is an open door here.
There is an open door here.
There is a staircase leading out of the dungeon here.
Are you sure you want to leave the Dungeon?
This will make you lose the game!
You have escaped!

#.#2#.#.## #...#####
#.###.#..# #........
#8...8#..#########..######
###'###..'................
.........#########..######
.........##≈≈≈♣###.....
.........#≈≈≈♣..###.##.#
########.#♣♣♣..### .# #
#.'......@# .# #.#♣♣♣..###
.# #.#≈≈≈♣.># .#
#.##≈≈≈♣## #.##### #.. ...
...


There were no monsters in sight!

Vanquished Creatures
  A frilled lizard (D:1)
1 creature vanquished.

Vanquished Creatures (others)
  2 demonic plants (D:1)
2 creatures vanquished.

Grand Total: 3 creatures vanquished

Notes
Turn   | Place    | Note
-------+----------+-------------------------------------------
     0 | D:1      | Sabo the Demonspawn Gladiator began the quest for the Orb.
     0 | D:1      | Reached XP level 1. HP: 16/16 MP: 1/1
    31 | D:1      | Found Xaugh's General Store.
    78 | D:1      | Found a faded altar of an unknown god.
    78 | D:1      | Noticed a green death
    90 | D:1      | Became a worshipper of Sif Muna the Loreminder
    90 | D:1      | Reached * piety under Sif Muna
   129 | D:$      | Got out of the dungeon alive.

Illustrated notes

Levels and vault maps discovered:
D:1:      saegor_arrival_simple_d, layout_basic,
          dreamdust_ecumenical_altar_sealed_demon, serial_shops,
          nicolae_shop_waterfront

Action                   || total
-------------------------++-------
Melee: War axe           ||     5

Table legend: (Time is in decaauts)
 A = Elapsed time spent in this place.
 B = Non-inter-level travel time spent in this place.
 C = Inter-level travel time spent in this place.
 D = Time resting spent in this place.
 E = Time spent auto-exploring this place.
 F = Levels seen in this place.
 G = Mean time per level.
                   A        B        C        D        E       F      G
               +--------+--------+--------+--------+--------+-----+--------+
         Total |    130 |    130 |      0 |      0 |      0 |   1 |  130.0 |
       Dungeon |    130 |    130 |      0 |      0 |      0 |   1 |  130.0 |
               +--------+--------+--------+--------+--------+-----+--------+

Top non-repeatable levels by time:
     D:1: 130 daAuts
